 Dungeon Crawl Stone Soup version 0.28-a0-1435-g82390b3a13 (webtiles) character file.

Game seed: 17821527289201461199

499 funkygono the Firebug (level 7, 0/46 HPs)
             Began as a Human Fire Elementalist on Jan 9, 2022.
             Killed from afar by an orc wizard (2 damage)
             ... with a puff of flame
             ... on level 4 of the Dungeon.
             The game lasted 00:17:45 (5577 turns).

funkygono the Firebug (Human Fire Elementalist)     Turns: 5577, Time: 00:17:45

Health: 0/46       AC:  4    Str:  8    XL:     7   Next: 39%
Magic:  4/13       EV: 12    Int: 18    God:
Gold:   174        SH:  0    Dex: 13    Spells: 1/14 levels left

rFire   . . .      SeeInvis .   r - +0 long sword
rCold   . . .      Faith    .   (no shield)
rNeg    . . .      Spirit   .   a - +0 robe
rPois   .          Reflect  .   k - +0 helmet
rElec   .          Harm     .   (no cloak)
rCorr   .          Rampage  .   (no gloves)
Will    .....                   j - +0 pair of boots
Stlth   ++........              (no amulet)
HPRegen 0.15/turn               (no ring)
MPRegen 0.13/turn               (no ring)

@: no status effects
A: no striking features
a: no special abilities


You were on level 4 of the Dungeon.
You visited 1 branch of the dungeon, and saw 4 of its levels.

You collected 174 gold pieces.

Inventory:

Hand Weapons
 g - a +0 dagger
 h - a +0 whip
 i - a +0 flail
 n - a +2 dagger of speed
 r - a +0 long sword (weapon)
 s - a +3 whip
 t - a +0 falchion
Missiles
 d - 139 stones (quivered)
Armour
 a - a +0 robe (worn)
 c - a +0 scale mail
 j - a +0 pair of boots (worn)
 k - a +0 helmet (worn)
 p - a +0 scale mail
 q - a +0 ring mail
Scrolls
 o - 2 scrolls of identify
 u - a scroll of torment {unknown}
 v - a scroll of brand weapon {unknown}
Potions
 b - 4 potions of attraction
 f - 3 potions of haste
 l - a potion of mutation
 m - a potion of ambrosia {unknown}
 w - a potion of invisibility {unknown}


   Skills:
 + Level 0.1 Fighting
 + Level 0.3 Short Blades
 + Level 2.2 Dodging
 - Level 2.0 Stealth
 * Level 4.4 Spellcasting
 * Level 3.1 Conjurations
 * Level 5.5 Fire Magic


You had one spell level left.
You knew the following spells:

 Your Spells              Type           Power      Damage    Failure   Level
a - Foxfire               Conj/Fire      76%        2x1d7     2%          1
b - Scorch                Fire           46%        2d7       2%          2
c - Conjure Flame         Conj/Fire      19%        6-21      7%          3
d - Flame Wave            Conj/Fire      19%        2d5       24%         4
e - Magic Dart            Conj           60%        1d6       3%          1
f - Searing Ray           Conj           30%        2d5       6%          2

Your spell library contained the following spells:

 Spells                   Type           Power      Damage    Failure   Level
 Inner Flame              Hex/Fire       13%        N/A       14%         3
 Portal Projectile        Hex/Tloc       8%         N/A       38%         3
 Fulminant Prism          Conj/Hex       4%         3d6       58%         4
 Blade Hands              Tmut           2%         N/A       98%         5
 Excruciating Wounds      Necr           2%         N/A       98%         5


Dungeon Overview and Level Annotations

Branches:
Dungeon (4/15)
 Temple: D:4-7

Altars:
Uskayaw


Message History

Something tries to affect you, but you resist.
Casting: Foxfire (safe; 2% risk of failure)
Confirm with . or Enter, or press ? or * to list all spells.
Okay, then.
As you read the scroll of fog, it crumbles to dust.
The scroll dissolves into smoke.
The ball python hisses angrily.
Found a potion of curing.
Found a dagger.
The ball python bites you.
* * * LOW HITPOINT WARNING * * *
The ball python closely misses you.
Found a short sword.
The ball python bites you but does no damage.
The ball python closely misses you.
An orc wizard appears from thin air!
Reactivating autopickup.
You see here a +0 scale mail.
Casting: Foxfire (safe; 2% risk of failure)
Confirm with . or Enter, or press ? or * to list all spells.
You conjure some foxfire!
The ball python barely misses you. The ball python closely misses you.
The orc wizard mumbles some strange words.
The orc wizard flickers and vanishes!
Deactivating autopickup; reactivate with Ctrl-A.
The ball python bites you but does no damage.
The ball python grabs you. The ball python constricts you.
* * * LOW HITPOINT WARNING * * *
The foxfire hits the ball python.
The ball python is severely wounded.
The foxfire hits the ball python.
You kill the ball python!
Things that are here:
a +0 chain mail; a +0 flail A magic dart appears from out of thin air!
The magic dart hits you!
* * * LOW HITPOINT WARNING * * *
A puff of flame appears from out of thin air!
The puff of flame hits you.
You die...

##................
#............... .#.............[
..............#
..##..........##### .. .#
##.......[.....# ... #
##....†[[......##########..##
##...#####{.....##............
###...$#####....@.##..........#
....#..#...'..................#
....#....###......##..........##.
###......# #......##...(.........
# ##...[.# ##.>..###...[......###
## ##.)..# #....# #......)..>...
.####....# #...)# #.....÷[..####
..##..##.# #....# #######+#.....
...)..##.# #....# #.####


There were no monsters in sight!

Vanquished Creatures
  An ice beast (D:4)
  A phantom (D:4)
  2 orc priests
  3 orc wizards (D:4)
  Robin (D:2)
  A gnoll (D:1)
  5 adders
  2 adder skeletons (D:4)
  2 dart slugs
  A worm (D:2)
  15 orcs
  9 endoplasms
  3 giant cockroaches
  9 goblins
  10 hobgoblins
  4 jackals (D:1)
  5 quokkas
  7 ball pythons
  5 bats
  4 frilled lizards
  5 kobolds
  6 rats
101 creatures vanquished.

Vanquished Creatures (others)
  327 foxfires
327 creatures vanquished.

Grand Total: 428 creatures vanquished

Notes
Turn   | Place    | Note
-------+----------+-------------------------------------------
     0 | D:1      | funkygono the Human Fire Elementalist began the quest for
                  | the Orb.
     0 | D:1      | Reached XP level 1. HP: 13/13 MP: 3/3
   337 | D:1      | Reached XP level 2. HP: 19/19 MP: 3/5
   383 | D:1      | Learned a level 2 spell: Scorch
   528 | D:1      | Found a faded altar of an unknown god.
   713 | D:1      | Reached XP level 3. HP: 24/24 MP: 1/6
   717 | D:1      | Learned a level 3 spell: Conjure Flame
  2056 | D:2      | Reached XP level 4. HP: 30/30 MP: 5/7
  2113 | D:2      | Reached skill level 4 in Fire Magic
  2477 | D:2      | Noticed Robin
  2485 | D:2      | Killed Robin
  2762 | D:2      | Reached XP level 5. HP: 35/35 MP: 6/9
  2791 | D:2      | Learned a level 4 spell: Flame Wave
  4473 | D:3      | Found a hide-covered altar of Uskayaw.
  4649 | D:4      | Reached XP level 6. HP: 31/41 MP: 4/11
  4897 | D:4      | Learned a level 1 spell: Magic Dart
  5008 | D:4      | Reached skill level 5 in Fire Magic
  5345 | D:4      | Noticed an ice beast
  5351 | D:4      | Killed an ice beast
  5352 | D:4      | Reached XP level 7. HP: 46/46 MP: 2/13
  5435 | D:4      | Learned a level 2 spell: Searing Ray
  5576 | D:4      | HP: 2/46 [something/magic dart (10)]
  5577 | D:4      | Killed from afar by an orc wizard

Illustrated notes

Levels and vault maps discovered:
D:1:      erik_arrival_triangle_medium, layout_basic,
          shapermc_ecumenical_altar_mp_vishouse, amcnicky_mini_pool_small,
          kennysheep_doodads, glass_columns_a
D:2:      layout_loops_ring, grunt_ministairs_15,
          hangedman_decor_clover_reticule, uniq_robin
D:3:      minmay_door_path, layout_basic, overflow_temple_1_default,
          st_stairs_2, minmay_crystal_room
D:4:      layout_basic, palyth_stone_intersect

Skill      XL: |  1  2  3  4  5  6 |
---------------+-------------------+-----
Fire Magic     | 4 5 |  5.5
Spellcasting   | 3 4 |  4.4
Conjurations   | 2 3 |  3.1
Fighting       | |  0.1
Short Blades   | |  0.3
Dodging        | |  2.2
Stealth        | |  2.0

Action                   |  1- 3 |  4- 6 |  7- 9 || total
-------------------------+-------+-------+-------++-------
Melee: Unarmed           |     3 |       |       ||     3
       Whip              |     1 |     2 |       ||     3
       Dagger            |       |    13 |       ||    13
 Cast: Foxfire           |    61 |   117 |    16 ||   194
       Scorch            |     1 |    12 |     1 ||    14
  Use: Scroll            |       |     5 |     1 ||     6
Armor: Robe              |     2 |    10 |     3 ||    15
Dodge: Dodged            |    12 |    17 |     6 ||    35

Table legend: (Time is in decaauts)
 A = Elapsed time spent in this place.
 B = Non-inter-level travel time spent in this place.
 C = Inter-level travel time spent in this place.
 D = Time resting spent in this place.
 E = Time spent auto-exploring this place.
 F = Levels seen in this place.
 G = Mean time per level.
                   A        B        C        D        E       F      G
               +--------+--------+--------+--------+--------+-----+--------+
         Total |   5570 |   5529 |     41 |   2051 |    455 |   4 | 1392.5 |
       Dungeon |   5570 |   5529 |     41 |   2051 |    455 |   4 | 1392.5 |
               +--------+--------+--------+--------+--------+-----+--------+

Top non-repeatable levels by time:
     D:1: 1985 daAuts
     D:2: 1407 daAuts
     D:3: 1140 daAuts
     D:4: 1036 daAuts
